AoeStats
← KaLong

Arena

508715674Analyzed
4v4 RM · 9d ago on Sep 23, 2026· 30m 23s· 8 players
Game mode
Random Map
Map size
Large (8 player)
Population
200
Speed
Normal
Resources
Standard
Victory
Conquest
Starting age
Dark Age
Ending age
Imperial Age
RankedLock teamsTeams togetherTeam positionsShared explorationLock speedFull tech treeHidden civsTurbo modeCheats
Victory
Defeat
🇹🇷 Khmer · Türkiye
1619
+12
🇹🇷 Teutons · Türkiye
1618
+12
🇹🇷 Cumans · Türkiye
1609
+12
🇹🇷 Magyars · Türkiye
1583
+13
🇭🇰 Spanish · Hong Kong SAR China
1589
-14
🇭🇺 Danes · Hungary
1534
-13
🇧🇷 Persians · Brazil
1492
-11
🇺🇸 Saxons · United States
1490
-11
DraveczB
9:02 Loom
11:42 Feudal Age
16:03 Castle Age
13:35 Man-at-Arms
28:45 Double-Bit Axe
29:54 Horse Collar
KaLong
10:15 Feudal Age
11:50 Loom
14:09 Castle Age
12:33 Double-Bit Axe
13:50 Stone Mining
14:16 Fletching
15:34 Scale Mail Armor
25:21 Forging
26:33 Bow Saw
27:35 Town Watch
30:11 Iron Casting
29:51 Chain Mail Armor
BruToO
10:59 Feudal Age
14:27 Castle Age
13:35 Horse Collar
13:42 Double-Bit Axe
22:37 Loom
23:18 Scale Barding Armor
26:28 Wheelbarrow
26:12 Forging
26:05 Husbandry
26:15 Bloodlines
27:26 Hand Cart
28:07 Town Watch
28:16 Gold Mining
28:18 Stone Mining
28:58 Heavy Plow
30:45 Bloodlines
31:01 Chain Barding Armor
33:25 Imperial Age
31:36 Stone Shaft Mining
Morris=w=
11:05 Feudal Age
14:51 Castle Age
19:59 Double-Bit Axe
23:42 Horse Collar
25:17 Town Watch
25:18 Loom
27:37 Padded Archer Armor
28:43 Wheelbarrow
30:57 Husbandry
31:07 Bloodlines
Bzm_Cordobez
6:30 Loom
9:29 Feudal Age
11:06 Fletching
17:05 Double-Bit Axe
17:01 Horse Collar
28:48 Castle Age
29:55 Bow Saw
31:18 Wheelbarrow
WarPrince
10:02 Feudal Age
13:38 Castle Age
11:44 Double-Bit Axe
12:16 Horse Collar
14:54 Bow Saw
16:29 Loom
23:25 Wheelbarrow
24:34 Hand Cart
27:43 Imperial Age
25:33 Town Watch
25:56 Scale Barding Armor
26:05 Gold Mining
26:06 Stone Mining
27:06 Chain Barding Armor
27:25 Bloodlines
27:16 Husbandry
27:54 Gold Shaft Mining
27:49 Cavalier
29:05 Plate Barding Armor
29:34 Paladin
Bzm_Kuvâ-yi Milliye
9:18 Feudal Age
12:41 Castle Age
10:58 Horse Collar
11:58 Double-Bit Axe
13:32 Bow Saw
17:26 Loom
23:00 Wheelbarrow
22:11 Town Watch
24:01 Heavy Plow
25:11 Hand Cart
25:09 Gold Mining
25:10 Stone Mining
29:09 Imperial Age
29:38 Stone Shaft Mining
29:38 Gold Shaft Mining
29:31 Husbandry
29:41 Bloodlines
29:13 Elite Ballista Elephant
Bzm_Thejose
8:47 Feudal Age
9:24 Double-Bit Axe
9:50 Horse Collar
19:06 Castle Age
17:54 Wheelbarrow
17:45 Gold Mining
18:07 Bloodlines
19:04 Scale Barding Armor
20:32 Chain Barding Armor
20:37 Loom
20:38 Town Watch
21:09 Fletching
25:58 Forging
Connection lost

Rejoining the realm…

Still unreachable

The connection could not be restored.

Session expired

The server has moved on; the page needs a fresh start.